 Dungeon Crawl Stone Soup version 0.31-a0-232-gb1c03b2570 (webtiles) character file.

Game seed: 9255385938867883804

48 qw the Shooter (level 3, -1/21 HPs)
             Began as a Gargoyle Hexslinger on July 6, 2023.
             Slain by a goblin
             ... wielding a +0 club
              (2 damage)
             ... on level 2 of the Dungeon.
             The game lasted 00:00:18 (608 turns).

qw the Shooter (Gargoyle Hexslinger)                 Turns: 608, Time: 00:00:18

Health: -1/21      AC:  5    Str: 11    XL:     3   Next: 72%
Magic:  4/4        EV: 12    Int: 13    God:
Gold:   51         SH:  0    Dex: 14    Spells: 3/4 levels left

rFire   . . .        Y - +1 sling
rCold   . . .        (no shield)
rNeg    + . .        c - +0 robe
rPois   inf          (no helmet)
rElec   +            (no cloak)
rCorr   .            (no gloves)
SInv    .            (no boots)
Will    .....        (no amulet)
Stlth   +            (no ring)
HPRegen 0.23/turn    (no ring)
MPRegen 0.09/turn

%: no passive effects
@: no status effects
A: sickness immunity, AC +3, negative energy resistance 1, electricity
resistance, torment resistance 1, petrification resistance
a: no special abilities


You were on level 2 of the Dungeon.
You visited 1 branch of the dungeon, and saw 2 of its levels.

You collected 51 gold pieces.


Innate Abilities, Weirdness & Mutations

You are immune to sickness and miasma.
Your stone body is resilient. (AC +3)
You are immune to poison.
You resist negative energy. (rN+)
You are resistant to electric shocks. (rElec)
You are resistant to unholy torment.
You are immune to petrification.


   Skills:
 - Level 2.0 Fighting
 + Level 3.6 Ranged Weapons
 - Level 1.5 Dodging
 - Level 1.0 Spellcasting
 - Level 2.6 Hexes


You had 3 spell levels left.
You knew the following spells:

 Your Spells              Type           Power      Damage    Failure   Level
a - Slow                  Hex            28%        N/A       10%         1

Your spell library contained the following spells:

 Spells                   Type           Power      Damage    Failure   Level
 Inner Flame              Hex/Fire       4%         N/A       43%         3
 Portal Projectile        Hex/Tloc       8%         N/A       43%         3
 Cause Fear               Hex            3%         N/A       67%         4

Inventory:

Hand Weapons
 Y - a +1 sling (weapon)
Armour
 a - a +0 leather armour
 c - a +0 robe (worn)
Scrolls
 e - 4 scrolls of identify
Potions
 g - 2 potions of curing {unknown}

Dungeon Overview and Level Annotations

Branches:
Dungeon (2/15)

Altars:

Annotations:
D:1 exclusion: 7 gnolls
D:2 Sigmund


Message History

A frilled lizard comes into view.
You shoot a sling bullet.
The sling bullet closely misses Sigmund.
The sling bullet hits the dart slug.
The dart slug is severely wounded.
Sigmund casts a spell at you. The magic dart hits you.
You shoot a sling bullet. The sling bullet hits Sigmund!
Sigmund is severely wounded.
Sigmund barely misses you.
A goblin comes into view. It is wielding a +0 club.
You shoot a sling bullet. The sling bullet hits the endoplasm.
The endoplasm is moderately wounded.
The endoplasm hits you but does no damage.
Sigmund hits you from afar with a +0 scythe.
You shoot a sling bullet. The sling bullet hits the dart slug!
You kill the dart slug!
The endoplasm closely misses you.
Sigmund hits you from afar with a +0 scythe!
The endoplasm hits you but does no damage.
You shoot a sling bullet.
The sling bullet barely misses the endoplasm.
The frilled lizard barely misses you. Sigmund barely misses you.
The endoplasm hits you but does no damage.
You shoot a sling bullet.
The sling bullet barely misses the endoplasm.
The frilled lizard bites you but does no damage.
The endoplasm barely misses you. Sigmund misses you.
You shoot a sling bullet. The sling bullet hits the endoplasm.
The endoplasm is almost dead.
The endoplasm freezes you.
You are frozen.
The goblin hits you but does no damage.
The frilled lizard bites you but does no damage.
You shoot a sling bullet. The sling bullet hits the endoplasm!
You kill the endoplasm!
Sigmund barely misses you.
The frilled lizard bites you but does no damage.
The goblin hits you but does no damage. The frilled lizard bites you.
The goblin hits you with a +0 club.
You die...

#..##. . ..... .. ....
.####.. .#...##
#......####### ..
.....###......#......
...##........%...#......
......g..........#......
.....@l@.........'......
##...#....#......#......
#. #<..........#...[..
#####......##......
##........#####
####.....### #........#
#......#....
#...%..####.


You could see Sigmund, a goblin and a frilled lizard.

Vanquished Creatures
  An adder (D:2)
  A gnoll (D:1)
  A worm (D:2)
  2 dart slugs
  3 ball pythons
  A bat (D:2)
  4 endoplasms
  A giant cockroach (D:1)
  A goblin (D:1)
  A hobgoblin (D:2)
  2 kobolds
  A quokka (D:2)
  A frilled lizard (D:2)
  2 rats (D:2)
22 creatures vanquished.

Notes
Turn   | Place    | Note
-------+----------+-------------------------------------------
     0 | D:1      | qw the Gargoyle Hexslinger began the quest for the Orb.
     0 | D:1      | Reached XP level 1. HP: 12/12 MP: 2/2
     0 | D:1      | 0 ||| qw: Version: 0.3-a-46-gb1f654a
     0 | D:1      | 0 ||| qw: Game counter: 1978
     0 | D:1      | 0 ||| qw: Melee chars always use a shield: true
     0 | D:1      | 0 ||| qw: God list: Okawaru
     0 | D:1      | 0 ||| qw: Allow faded altars: false
     0 | D:1      | 0 ||| qw: Do Orc after clearing Dungeon:15 true
     0 | D:1      | 0 ||| qw: Do second Lair branch before Depths: true
     0 | D:1      | 0 ||| qw: Lair rune preference: random
     0 | D:1      | 0 ||| qw: Goals: Normal
     0 | D:1      | 0 ||| PLANNING D:1-11
     8 | D:1      | Noticed an electric eel
   148 | D:1      | Reached XP level 2. HP: 15/16 MP: 3/3
   316 | D:1      | 316 ||| READING scroll labelled HOHYLA RIC HECK.
   325 | D:1      | Reached skill level 3 in Ranged Weapons
   362 | D:1      | 362 ||| READING 2 scrolls labelled DUENAE ICSAEXT.
   363 | D:1      | 363 ||| READING scroll labelled VITREIQI IKH.
   364 | D:1      | 364 ||| DROPPING scroll of poison.
   407 | D:2      | Reached XP level 3. HP: 15/21 MP: 4/4
   497 | D:2      | Found a faded altar of an unknown god.
   598 | D:2      | Noticed Sigmund
   604 | D:2      | HP: 4/21 [Sigmund/+0 scythe (9)]
   608 | D:2      | HP: 1/21 [frilled lizard (2)]
   608 | D:2      | Slain by a goblin

Levels and vault maps discovered:
D:1:      arrival_aquarium_a, layout_basic
D:2:      layout_basic, ebering_ecumenical_altar_petrified, minmay_bisected,
          uniq_natasha, uniq_terence, uniq_sigmund

Skill      XL: |  1  2  3 |
---------------+----------+-----
Ranged Weapons | 3 |  3.6
Fighting       | 2 |  2.0
Dodging        | |  1.5
Spellcasting   | |  1.0
Hexes          | |  2.6

Action                     || total
---------------------------++-------
   Fire: Sling             ||    63
    Use: Scroll            ||     3
 Armour: Robe              ||    13
  Dodge: Dodged            ||    15

Table legend:
 A = Non-vault XP
 B = Vault XP
 C = Vault XP percentage of total XP
 D = Non-vault monster count
 E = Vault monster count
 F = Vault count percentage of total count
                 A         B        C        D         E       F
            +---------+---------+-------+---------+---------+-------
      Total |      67 |       4 |   5.6 |      20 |       2 |   9.1
            +---------+---------+-------+---------+---------+-------
        D:1 |      30 |       0 |   0.0 |       8 |       0 |   0.0
        D:2 |      37 |       4 |   9.8 |      12 |       2 |  14.3
            +---------+---------+-------+---------+---------+-------
